[Event "RUS-ch Blitz 2021"]
[Site "Sochi"]
[Date "2021.10.11"]
[Round "9.15"]
[White "Samusenko, Maksim"]
[Black "Trushnikov, Sergey"]
[Result "1-0"]
[ECO "B08"]
[WhiteElo "2461"]
[BlackElo "2525"]
[Annotator "ChessBase"]
[PlyCount "159"]
[EventDate "2021.10.11"]
[EventType "blitz"]
[EventCountry "RUS"]
[SourceTitle "playchess.com"]
[Source "ChessBase"]
[SourceQuality "1"]
[TimeControl "180+2"]

1. e4 g6 2. d4 Bg7 3. Nc3 d6 4. Be3 a6 5. a4 Nc6 6. Nf3 Nf6 7. h3 O-O 8. Be2 Nd7 9. O-O e5 10. Qd2 Re8 11. Rfe1 exd4 12. Nxd4 Nxd4 13. Bxd4 Nf6 14. Bc4 Bd7 15. Rad1 Bc6 16. f3 Nh5 17. Bxg7 Kxg7 18. b4 b6 19. b5 axb5 20. axb5 Bb7 21. Nd5 Bxd5 22. Bxd5 Ra5 23. Bc6 Re6 24. e5 Qh4 25. Qc3 dxe5 26. Bd7 Re7 27. Rxe5 Qf6 28. Re3 Qxc3 29. Rxc3 Ra7 30. Bc6 Nf4 31. Rc4 Ne6 32. Re4 Kf6 33. Rde1 Ra2 34. R4e2 Ra4 35. Kf2 h5 36. Bd5 Rb4 37. c4 h4 38. Re4 g5 39. R1e2 Ra4 40.
g3 hxg3+ 41. Kxg3 Ra3 42. Kg4 Ra1 43. Kg3 Ra3 44. Re5 Ra1 45.
R5e4 Ra3 46. Re5 Ra1 47. R5e4 Ra3 48. h4 gxh4+ 49. Rxh4 Ra1 50. Rhe4 Ra3 51. Kf2 Ra4 52. f4 Rd7 53. Bxe6 fxe6 54. Rxe6+ Kf7 55. Rc6 Ra1 56. Kf3 Rf1+ 57. Kg4 Rg1+ 58. Kf5 Rh1 59. Rg2 Rh5+ 60. Rg5 Rh1 61. Rgg6 Rh5+ 62. Kg4 Rh1 63. Rcf6+ Ke7 64. Rg7+ Kxf6 65. Rxd7 Rg1+ 66. Kf3 Rc1 67. Rxc7 Kf5 68. Rc6 Rc3+ 69. Ke2 Kxf4 70. Kd2 Rh3 71. Rxb6 Ke4 72. Rd6 Ke5 73. Rd5+ Ke4 74. Kc2 Rg3 75. Rd2 Ke5 76. Kb2 Rf3 77. c5 Ke6 78. b6 Rf4 79. Kc3 Ra4 80.
b7 1-0

[Event "RUS-ch Blitz 2021"]
[Site "Sochi"]
[Date "2021.10.11"]
[Round "9.16"]
[White "Pogosyan, Stefan"]
[Black "Murzin, Volodar"]
[Result "1/2-1/2"]
[ECO "A12"]
[WhiteElo "2407"]
[BlackElo "2513"]
[Annotator "ChessBase"]
[PlyCount "101"]
[EventDate "2021.10.11"]
[EventType "blitz"]
[EventCountry "RUS"]
[SourceTitle "playchess.com"]
[Source "ChessBase"]
[SourceQuality "1"]
[TimeControl "180+2"]

1. Nf3 Nf6 2. b3 d5 3. Bb2 Bg4 4. e3 Nbd7 5. Be2 e6 6. O-O Bd6 7. c4 c6 8. Nc3 Qe7 9. d4 O-O 10. Qc2 Rfe8 11. e4 dxe4 12. Nxe4 Nxe4 13. Qxe4 Bxf3 14. Bxf3 e5 15. Rfe1 exd4 16. Qxe7 Rxe7 17. Rxe7 Bxe7 18. Bxd4 Bf6 19. Rd1 Bxd4 20. Rxd4 Re8 21. Kf1 Nf6 22. c5 Kf8 23. b4 a6 24. a4 Ke7 25. b5 axb5 26. axb5 cxb5 27. Bxb7 Nd7 28. c6 Nc5 29. Rd5 Nxb7 30. cxb7 Rb8 31. Rxb5 Kd6 32. Ke2 Kc6 33. Rb1 Rxb7 34. Rxb7 Kxb7 35. Kd3 Kc6 36. Ke4 Kd6 37. Kf5 Kd5 38. h4 Kd6 39. g4 Kd5 40. g5 Kd6 41. h5 Ke7 42. f3 g6+ 43.
hxg6 hxg6+ 44. Ke5 Ke8 45. Kf6 Kf8 46. f4 Ke8 47. f5 gxf5 48.
Kxf5 Kf8 49. Kf6 Kg8 50. g6 fxg6 51. Kxg6 1/2-1/2

[Event "RUS-ch Blitz 2021"]
[Site "Sochi"]
[Date "2021.10.11"]
[Round "9.17"]
[White "Riazantsev, Alexander"]
[Black "Lobanov, Sergei"]
[Result "1-0"]
[ECO "D30"]
[WhiteElo "2634"]
[BlackElo "2501"]
[Annotator "ChessBase"]
[PlyCount "117"]
[EventDate "2021.10.11"]
[EventType "blitz"]
[EventCountry "RUS"]
[SourceTitle "playchess.com"]
[Source "ChessBase"]
[SourceQuality "1"]
[TimeControl "180+2"]

1. d4 Nf6 2. c4 e6 3. Nf3 d5 4. Bg5 Nbd7 5. e3 h6 6. Bh4 g5 7. Bg3 Ne4 8. Nc3 Bb4 9. Qc2 h5 10. h3 Nxg3 11. fxg3 Bd6 12. O-O-O c6 13. e4 Bxg3 14. exd5 cxd5 15. cxd5 Nf6 16. dxe6 Bxe6 17. d5 Bd7 18. Kb1 Rc8 19. Nxg5 Qb6 20. Bd3 Kf8 21. Rhf1 Be5 22. Ka1 Rxc3 23. bxc3 Qa5 24. Rc1 Kg7 25. Nf3 Bf4 26. c4 Bxc1 27. Rxc1 Re8 28. Qb2 Qb6 29. Qc3 Qd6 30. Rf1 Kf8 31. Ng5 Qe5 32. Kb2 Kg7 33. h4 b6 34. Nf3 Qxc3+ 35. Kxc3 Bg4 36. Kd4 Nd7 37. Ng5 f6 38. Ne4 Rd8 39. Ng3 Ne5 40. Bf5 Bxf5 41. Nxf5+ Kg6 42. Ne7+ Kf7 43. Nf5 Kg6 44. Ne3 Nc6+ 45. Kc3 Ne5 46. a4 Nd7 47. Nf5 Re8 48. Rf3 Nc5 49. Nd4 Nxa4+ 50. Kb4 Nc5 51. Kb5 Re4 52. Rg3+ Kf7 53. Nf5 Rf4 54. Nd6+ Ke7 55. Kc6 Rxh4 56. Rg7+ Kf8 57. Rxa7 Ne4 58. Nf5 Ng5 59. Nxh4 1-0

[Event "RUS-ch Blitz 2021"]
[Site "Sochi"]
[Date "2021.10.11"]
[Round "9.18"]
[White "Dudin, Gleb"]
[Black "Nesterov, Arseniy"]
[Result "0-1"]
[ECO "D11"]
[WhiteElo "2438"]
[BlackElo "2514"]
[Annotator "ChessBase"]
[PlyCount "72"]
[EventDate "2021.10.11"]
[EventType "blitz"]
[EventCountry "RUS"]
[SourceTitle "playchess.com"]
[Source "ChessBase"]
[SourceQuality "1"]
[TimeControl "180+2"]

1. d4 d5 2. c4 c6 3. Nf3 Nf6 4. e3 Bg4 5. Nbd2 e6 6. Bd3 Nbd7 7. O-O Be7 8.
b3 O-O 9. Bb2 a5 10. a3 Bh5 11. Qc2 Bg6 12. e4 dxe4 13. Nxe4 Qb6 14. Nxf6+ Bxf6 15. Bxg6 hxg6 16. Rad1 Rfd8 17. Rd3 c5 18.
Rfd1 cxd4 19. Bxd4 Nc5 20. Re3 Rd6 21. Bxf6 gxf6 22. Rxd6 Qxd6 23. g3 e5 24. h4 e4 25. Ne1 f5 26. Ng2 Nd3 27. Qd2 Qxa3 28.
Nf4 Qxb3 29. Nxd3 exd3 30. h5 Qc2 31. Rxd3 Qxd2 32. Rxd2 gxh5 33. Kf1 a4 34. Ke2 Kg7 35. Kd3 Rd8+ 36. Kc3 Rxd2 0-1

[Event "RUS-ch Blitz 2021"]
[Site "Sochi"]
[Date "2021.10.11"]
[Round "9.19"]
[White "Triapishko, Alexandr"]
[Black "Klukin, Kirill"]
[Result "1-0"]
[ECO "A04"]
[WhiteElo "2506"]
[BlackElo "2346"]
[Annotator "ChessBase"]
[PlyCount "117"]
[EventDate "2021.10.11"]
[EventType "blitz"]
[EventCountry "RUS"]
[SourceTitle "playchess.com"]
[Source "ChessBase"]
[SourceQuality "1"]
[TimeControl "180+2"]

1. Nf3 c5 2. g3 Nc6 3. Bg2 g6 4. c3 Bg7 5. d4 cxd4 6. cxd4 Nf6 7. O-O O-O 8. d5 Nb8 9. d6 exd6 10. Nc3 Qe7 11. Bg5 h6 12. Nd5 Qd8 13.
Nxf6+ Bxf6 14. Bxh6 Re8 15. Qd2 Nc6 16. Rad1 d5 17. b3 d4 18. Bg5 d6 19. Qf4 Bf5 20. Bxf6 Qxf6 21. Nxd4 Nxd4 22. Rxd4 Rxe2 23. g4 g5 24. Rxd6 gxf4 25. Rxf6 Bxg4 26. Rxf4 Be6 27. Ra4 Rc8 28. Bf3 Rd2 29. Bxb7 Rcc2 30. Rxa7 Rxa2 31. Rxa2 Rxa2 32. Rb1 Bf5 33. Rd1 Be6 34. Bd5 Bg4 35. Rc1 Rb2 36. h4 Kg7 37. Kh2 Rxf2+ 38. Kg3 Rd2 39. Kxg4 Rd4+ 40. Kf3 Rxd5 41. Rb1 Kf6 42. b4 Rb5 43. Ke4 Ke6 44. Kd4 Kd6 45. Kc4 Rh5 46. Rd1+ Kc6 47. Rd4 Rh6 48. Rf4 Kb6 49. Re4 Kc6 50. Rg4 Kb6 51. Kd5 Re6 52. h5 Rh6 53. Rh4 Kb5 54. Ke5 Kb6 55. Kf5 f6 56. Ke6 Kb5 57. Kf7 f5 58.
Kg7 Rc6 59. h6 1-0

[Event "RUS-ch Blitz 2021"]
[Site "Sochi"]
[Date "2021.10.11"]
[Round "9.20"]
[White "Moiseenko, Vadim"]
[Black "Smagin, Sergey"]
[Result "0-1"]
[ECO "C45"]
[WhiteElo "2542"]
[BlackElo "2551"]
[Annotator "ChessBase"]
[PlyCount "50"]
[EventDate "2021.10.11"]
[EventType "blitz"]
[EventCountry "RUS"]
[SourceTitle "playchess.com"]
[Source "ChessBase"]
[SourceQuality "1"]
[TimeControl "180+2"]

1. e4 e5 2. Nf3 Nc6 3. d4 exd4 4. Nxd4 Nf6 5. Nxc6 bxc6 6.
e5 Qe7 7. Qe2 Nd5 8. h4 a5 9. c4 Nb6 10. h5 h6 11. Nd2 a4 12. g3 Ba6 13. b3 Qb4 14. Bg2 Qc3 15. Rb1 Qc2 16. O-O Qxa2 17. e6 fxe6 18. Bxc6 O-O-O 19. Bg2 axb3 20. Bb2 Ba3 21. Bxg7 Bxc4 22. Qf3 Bd5 23. Qc3 b2 24. Bxh8 Bxg2 25. Kxg2 Nd5 0-1

[Event "RUS-ch Blitz 2021"]
[Site "Sochi"]
[Date "2021.10.11"]
[Round "9.21"]
[White "Babanin, Gleb"]
[Black "Afanasiev, Nikita"]
[Result "0-1"]
[ECO "A40"]
[WhiteElo "2094"]
[BlackElo "2560"]
[Annotator "ChessBase"]
[PlyCount "58"]
[EventDate "2021.10.11"]
[EventType "blitz"]
[EventCountry "RUS"]
[SourceTitle "playchess.com"]
[Source "ChessBase"]
[SourceQuality "1"]
[TimeControl "180+2"]

1. e4 g6 2. d4 Bg7 3. c4 e6 4. Nc3 Ne7 5. Be3 d5 6. Qd2 dxe4 7. Nxe4 Nf5 8.
Nf3 Nxe3 9. fxe3 O-O 10. Bd3 f5 11. Nc3 c5 12. d5 exd5 13.
cxd5 Nd7 14. e4 fxe4 15. Nxe4 Ne5 16. Be2 Nxf3+ 17. Bxf3 Qh4+ 18. Ng3 Re8+ 19. Kd1 Bg4 20. Ne2 Bxf3 21. gxf3 Qf2 22. Ng3 Qxf3+ 23. Kc2 Rad8 24. Rad1 Bd4 25. Kb1 Qxd5 26. h4 Qf3 27. Qh2 Be5 28. Rxd8 Rxd8 29. Qe2 Qxg3 0-1

[Event "RUS-ch Blitz 2021"]
[Site "Sochi"]
[Date "2021.10.11"]
[Round "9.22"]
[White "Dreev, Aleksey"]
[Black "Faizrakhmanov, Ramil"]
[Result "0-1"]
[ECO "E38"]
[WhiteElo "2635"]
[BlackElo "2483"]
[Annotator "ChessBase"]
[PlyCount "102"]
[EventDate "2021.10.11"]
[EventType "blitz"]
[EventCountry "RUS"]
[SourceTitle "playchess.com"]
[Source "ChessBase"]
[SourceQuality "1"]
[TimeControl "180+2"]

1. d4 Nf6 2. c4 e6 3. Nc3 Bb4 4. Qc2 c5 5. dxc5 Qc7 6. Nf3 a6 7. e3 Bxc5 8. b3 Be7 9. Bb2 d6 10. g4 h6 11. Rg1 b6 12. h4 Bb7 13. Be2 Nc6 14. g5 hxg5 15.
hxg5 Nd7 16. g6 f6 17. Nd5 Qd8 18. Nxe7 Qxe7 19. O-O-O Nc5 20. Nd4 O-O-O 21. Ba3 Nxd4 22. exd4 Be4 23. Qd2 Nb7 24. Qe3 Bf5 25. d5 Nc5 26. dxe6 Qxe6 27. Qxe6+ Bxe6 28. Rh1 Ne4 29. Bf3 Rxh1 30.
Rxh1 Nxf2 31. Rh7 Nd3+ 32. Kd2 Ne5 33. Be4 d5 34. Bc2 dxc4+ 35.
Kc3 cxb3 36. axb3 Rd7 37. Bf8 f5 38. Rh8 Nxg6 39. Bxg7+ Nxh8 40. Bxh8 f4 41. Be4 Rh7 42. Be5 Rh3+ 43. Kd4 Rxb3 44. Bxf4 Rb4+ 45. Ke5 Bd7 46. Be3 a5 47. Bd5 a4 48. Kd6 a3 49. Bd2 Rd4 50. Bc3 Rd3 51. Be5 a2 0-1

[Event "RUS-ch Blitz 2021"]
[Site "Sochi"]
[Date "2021.10.11"]
[Round "9.23"]
[White "Lysyj, Igor"]
[Black "Musalov, Ruslan"]
[Result "1-0"]
[ECO "A41"]
[WhiteElo "2603"]
[BlackElo "2342"]
[Annotator "ChessBase"]
[PlyCount "85"]
[EventDate "2021.10.11"]
[EventType "blitz"]
[EventCountry "RUS"]
[SourceTitle "playchess.com"]
[Source "ChessBase"]
[SourceQuality "1"]
[TimeControl "180+2"]

1. d4 d6 2. Nf3 Bg4 3. e3 Nf6 4. c4 Nc6 5. Nc3 g6 6. Be2 Bg7 7. h3 Bf5 8. d5 Nb8 9. Nd4 Bc8 10. e4 c5 11. Nf3 a6 12. O-O O-O 13.
a4 e5 14. Bg5 h6 15. Bd2 Nh5 16. Re1 b6 17. Bf1 Ra7 18. g3 Re7 19. Nh4 Kh7 20. Kh2 Ree8 21. Ng2 f5 22. exf5 Rxf5 23. Ne4 Nf6 24. Nxf6+ Qxf6 25. Be3 Rxf2 26. Bxf2 Qxf2 27. Qe2 Qf6 28. Qc2 e4 29. Rxe4 Bf5 30. Bd3 Bxe4 31. Bxe4 Re5 32. Nf4 Rg5 33. h4 Rg4 34. Bxg6+ Kh8 35. Rf1 Rxh4+ 36. gxh4 Qxh4+ 37. Kg2 Qg4+ 38.
Kh1 Be5 39. Qg2 Qh4+ 40. Qh3 Qg5 41. Qc8+ Kg7 42. Qc7+ Kg8 43. Qf7+ 1-0

[Event "RUS-ch Blitz 2021"]
[Site "Sochi"]
[Date "2021.10.11"]
[Round "9.24"]
[White "Dashko, Andrey"]
[Black "Tsydypov, Zhamsaran"]
[Result "0-1"]
[ECO "B86"]
[WhiteElo "2219"]
[BlackElo "2526"]
[Annotator "ChessBase"]
[PlyCount "59"]
[EventDate "2021.10.11"]
[EventType "blitz"]
[EventCountry "RUS"]
[SourceTitle "playchess.com"]
[Source "ChessBase"]
[SourceQuality "1"]
[TimeControl "180+2"]

1. e4 c5 2. Nf3 d6 3. d4 cxd4 4. Nxd4 Nf6 5. Nc3 a6 6. Bc4 e6 7. Bb3 Nbd7 8. f3 Nc5 9. Be3 Be7 10. Qd2 Qc7 11. O-O-O b5 12. Kb1 b4 13. Nce2 O-O 14. c4 e5 15. Nf5 Bxf5 16. exf5 a5 17. Bc2 a4 18. Qxb4 Rfb8 19. Qc3 a3 20. b3 Na4 21. Qd2 Nb2 22. Bd3 d5 23.
cxd5 Nxd1 24. Rxd1 Nxd5 25. Rc1 Qd8 26. Bc4 Nxe3 27. Qxe3 Bg5 28. f4 exf4 29. Nxf4 Qf6 30. Rh1 0-1

[Event "RUS-ch Blitz 2021"]
[Site "Sochi"]
[Date "2021.10.11"]
[Round "11.2"]
[White "Kukhmazov, Arsen"]
[Black "Timofeev, Artyom"]
[Result "1-0"]
[ECO "A50"]
[WhiteElo "2472"]
[BlackElo "2586"]
[Annotator "ChessBase"]
[PlyCount "167"]
[EventDate "2021.10.11"]
[EventType "blitz"]
[EventCountry "RUS"]
[SourceTitle "playchess.com"]
[Source "ChessBase"]
[SourceQuality "1"]
[TimeControl "180+2"]

1. d4 Nf6 2. c4 b6 3. f3 d5 4. cxd5 Nxd5 5. e4 Nf6 6. Nc3 e6 7. Be3 Be7 8. Bc4 O-O 9. Nge2 Ba6 10. Bxa6 Nxa6 11. O-O c6 12. Qa4 Qc8 13. Rac1 Qb7 14. Rfd1 Rac8 15. a3 Rfd8 16. b4 Nb8 17. Qb3 Nbd7 18. h3 Nf8 19. Nf4 Ng6 20. Nxg6 hxg6 21. Ne2 Nh7 22. Rd3 Qa6 23. Rcd1 Nf8 24. Nc3 Bf6 25. Ne2 g5 26. Ng3 Ng6 27. Nh5 Be7 28. Qc3 Bf6 29. Qd2 Qb7 30. Bxg5 Bxg5 31. Qxg5 Qe7 32. Qxe7 Nxe7 33. Kf2 Rd7 34. Nf4 Rcd8 35. Ke3 g6 36. h4 Kg7 37. g4 Rh8 38. h5 g5 39. Ne2 Rhd8 40. Nc3 Kf6 41. b5 cxb5 42. Nxb5 a6 43.
Nc3 b5 44. d5 e5 45. Ne2 Nc8 46. Ng3 Nd6 47. Rc3 Nc4+ 48. Ke2 Rb8 49. Rdc1 Rdb7 50. Nf5 Rb6 51. Ne3 Nxe3 52. Kxe3 a5 53. Rc6+ Kg7 54. Rxb6 Rxb6 55. Rc6 Rb8 56. Kd3 b4 57. axb4 Rxb4 58. Rc3 a4 59. Ra3 Kf6 60. Kc3 Rd4 61. Ra1 Kg7 62. Rh1 Kh7 63. Rb1 a3 64. Ra1 Ra4 65. Kb3 Rd4 66. Rxa3 Kg7 67. Kc3 Rd1 68. Kc4 Kf6 69. Rc3 Ke7 70. Kc5 Kd7 71. Ra3 Rc1+ 72. Kb4 Rf1 73. Ra7+ Ke8 74. h6 Rh1 75. Ra6 Ke7 76. Kc5 Rc1+ 77. Kb6 Kd6 78. Kb7+ Ke7 79. Rc6 Rh1 80. Kc7 Ra1 81. d6+ Kf8 82. d7 Ra7+ 83. Kd6 Ra8 84. Rc8+ 1-0

[Event "RUS-ch Blitz 2021"]
[Site "Sochi"]
[Date "2021.10.11"]
[Round "11.3"]
[White "Riazantsev, Alexander"]
[Black "Sarana, Alexey"]
[Result "1/2-1/2"]
[ECO "D91"]
[WhiteElo "2634"]
[BlackElo "2649"]
[Annotator "ChessBase"]
[PlyCount "95"]
[EventDate "2021.10.11"]
[EventType "blitz"]
[EventCountry "RUS"]
[SourceTitle "playchess.com"]
[Source "ChessBase"]
[SourceQuality "1"]
[TimeControl "180+2"]

1. d4 Nf6 2. c4 g6 3. Nc3 d5 4. Nf3 Bg7 5. Bg5 Ne4 6. cxd5 Nxg5 7. Nxg5 e6 8.
Qd2 h6 9. Nf3 exd5 10. e3 c6 11. Bd3 Qd6 12. h3 O-O 13. O-O Nd7 14. Rac1 Re8 15. Ne2 a5 16. Nf4 Nf6 17. Bb1 g5 18. Nd3 g4 19. hxg4 Nxg4 20.
Nf4 Bd7 21. Qc2 f5 22. g3 Re7 23. Qd2 Nf6 24. Kg2 Ne4 25. Qd1 Rf8 26. Nd3 Be8 27. Nfe5 Nf6 28. Rh1 Ne4 29. Qe2 b6 30. Nf3 c5 31. dxc5 bxc5 32. Nf4 d4 33. Rhd1 Bc6 34. exd4 Kh8 35. d5 Bd7 36. Qc2 a4 37. Rh1 Kg8 38. Rce1 Rb8 39. b3 axb3 40. axb3 Rbe8 41. Ne6 Bxe6 42. dxe6 Qxe6 43. Qc4 Qxc4 44. bxc4 Nd6 45. Bd3 Rxe1 46. Rxe1 Rxe1 47. Nxe1 Kf7 48. f4 1/2-1/2

[Event "RUS-ch Blitz 2021"]
[Site "Sochi"]
[Date "2021.10.11"]
[Round "11.4"]
[White "Sakaev, Konstantin"]
[Black "Alekseev, Evgeny"]
[Result "1/2-1/2"]
[ECO "E18"]
[WhiteElo "2603"]
[BlackElo "2602"]
[Annotator "ChessBase"]
[PlyCount "23"]
[EventDate "2021.10.11"]
[EventType "blitz"]
[EventCountry "RUS"]
[SourceTitle "playchess.com"]
[Source "ChessBase"]
[SourceQuality "1"]
[TimeControl "180+2"]

1. d4 Nf6 2. c4 e6 3. Nf3 b6 4. g3 Bb7 5. Bg2 Be7 6. O-O O-O 7. Nc3 Ne4 8.
Nxe4 Bxe4 9. Ne1 Bxg2 10. Nxg2 d5 11. Qa4 dxc4 12. Qxc4 1/2-1/2

[Event "RUS-ch Blitz 2021"]
[Site "Sochi"]
[Date "2021.10.11"]
[Round "11.5"]
[White "Iljiushenok, Ilia"]
[Black "Kezin, Roman"]
[Result "1-0"]
[ECO "B48"]
[WhiteElo "2554"]
[BlackElo "2492"]
[Annotator "ChessBase"]
[PlyCount "51"]
[EventDate "2021.10.11"]
[EventType "blitz"]
[EventCountry "RUS"]
[SourceTitle "playchess.com"]
[Source "ChessBase"]
[SourceQuality "1"]
[TimeControl "180+2"]

1. e4 c5 2. Nf3 e6 3. d4 cxd4 4. Nxd4 Nc6 5. Nc3 Qc7 6. a3 a6 7. Be3 b5 8. Nxc6 Qxc6 9. Bd3 Bb7 10. Qe2 Rc8 11. O-O Nf6 12. f4 Bc5 13.
Rae1 O-O 14. Kh1 d5 15. Bxc5 Qxc5 16. e5 Ne4 17. f5 exf5 18. Rxf5 Nxc3 19. bxc3 Qxc3 20. e6 Bc6 21. exf7+ Kh8 22. Rh5 h6 23. Qe6 Qf6 24. Qxf6 gxf6 25. Rxh6+ Kg7 26. Rh7# 1-0

[Event "RUS-ch Blitz 2021"]
[Site "Sochi"]
[Date "2021.10.11"]
[Round "11.6"]
[White "Savchenko, Boris"]
[Black "Pridorozhni, Aleksei"]
[Result "0-1"]
[ECO "C02"]
[WhiteElo "2535"]
[BlackElo "2564"]
[Annotator "ChessBase"]
[PlyCount "140"]
[EventDate "2021.10.11"]
[EventType "blitz"]
[EventCountry "RUS"]
[SourceTitle "playchess.com"]
[Source "ChessBase"]
[SourceQuality "1"]
[TimeControl "180+2"]

1. e4 c5 2. Nf3 e6 3. c3 Nc6 4. d4 d5 5. e5 Bd7 6. a3 c4 7. h4 h6 8. Be3 b5 9. h5 a5 10. b3 cxb3 11. Qxb3 a4 12. Qxb5 Na5 13. Qb2 Rb8 14. Qc2 Nb3 15. Ra2 Ne7 16. Bd3 Nc6 17. Nbd2 Nca5 18. O-O Rc8 19. g4 Be7 20. Kg2 Qb6 21. Rg1 Bb5 22. Kh3 Qa6 23. Bxb5+ Qxb5 24. Nb1 Nc4 25. Bc1 Kd7 26. Nbd2 Rc7 27. Kg3 Rhc8 28. Qh7 Nxc1 29. Rxc1 Nxd2 30. Rxd2 Bxa3 31. Re1 Bf8 32. Rb1 Qc6 33. Ra1 Ra8 34. Qg8 Ke8 35. g5 Qd7 36. g6 Rxc3 37. Re2 a3 38. Raa2 Ra7 39. Kg4 Qe7 40. Re3 Rxe3 41. fxe3 Rb7 42. Rc2 Kd8 43. Rc6 Ra7 44. Rd6+ Kc8 45. Rc6+ Kb7 46. Rc1 fxg6 47. hxg6 a2 48. Ra1 Kb6 49. Nh4 Kb5 50. Kh3 Kb4 51. Ng2 Kb3 52. Nf4 Ra6 53. Kg3 Kb2 54. Rh1 a1=Q 55. Nd3+ Ka2 56. Rxa1+ Kxa1 57. Nc5 Rb6 58. Kf3 Kb1 59. Ke2 Rb2+ 60. Kd3 Rb6 61. e4 dxe4+ 62. Kxe4 Qe8 63. Ke3 Rb8 64. Nxe6 Qxg6 65. Nxf8 Qg5+ 66. Ke4 Qg2+ 67. Kd3 Qc2+ 68. Ke3 Rb3+ 69. Kf4 Qf2+ 70. Kg4 Rg3+ 0-1

[Event "RUS-ch Blitz 2021"]
[Site "Sochi"]
[Date "2021.10.11"]
[Round "11.7"]
[White "Moiseenko, Vadim"]
[Black "Antipov, Mikhail Al."]
[Result "0-1"]
[ECO "C45"]
[WhiteElo "2542"]
[BlackElo "2619"]
[Annotator "ChessBase"]
[PlyCount "64"]
[EventDate "2021.10.11"]
[EventType "blitz"]
[EventCountry "RUS"]
[SourceTitle "playchess.com"]
[Source "ChessBase"]
[SourceQuality "1"]
[TimeControl "180+2"]

1. e4 e5 2. Nf3 Nc6 3. d4 exd4 4. Nxd4 Bc5 5. Nb3 Bb4+ 6.
Nc3 Nf6 7. Bd3 d5 8. exd5 Qxd5 9. O-O Bxc3 10. bxc3 O-O 11. Ba3 Re8 12. c4 Qg5 13. Bc1 Qh4 14. Qf3 Ne5 15. Qg3 Qxg3 16. hxg3 Nxd3 17. cxd3 Bf5 18. d4 Bd3 19. Be3 Bxc4 20. Rfc1 Bxb3 21. axb3 c6 22. d5 Nxd5 23. Bxa7 h5 24. f3 b6 25. Ra6 Re7 26. Rca1 Rb7 27. R1a4 c5 28. Ra1 Nb4 29. R6a4 Nc6 30. Bxb6 Rxa4 31. Rxa4 Rxb6 32. Rc4 Rb5 0-1

[Event "RUS-ch Blitz 2021"]
[Site "Sochi"]
[Date "2021.10.11"]
[Round "11.9"]
[White "Lysyj, Igor"]
[Black "Nesterov, Arseniy"]
[Result "1-0"]
[ECO "E04"]
[WhiteElo "2603"]
[BlackElo "2514"]
[Annotator "ChessBase"]
[PlyCount "115"]
[EventDate "2021.10.11"]
[EventType "blitz"]
[EventCountry "RUS"]
[SourceTitle "playchess.com"]
[Source "ChessBase"]
[SourceQuality "1"]
[TimeControl "180+2"]

1. d4 d5 2. c4 e6 3. Nf3 Nf6 4. g3 a6 5. Bg2 dxc4 6. O-O Nc6 7. Qd2 Bd6 8.
Qc3 O-O 9. Qxc4 e5 10. dxe5 Nxe5 11. Nxe5 Bxe5 12. Qc2 c6 13. Nd2 Be6 14. Nc4 Bxc4 15. Qxc4 Qe7 16. Rb1 Rad8 17. a3 Rfe8 18. Bf3 h6 19. Qc2 Nd7 20. Be3 Bf6 21. Rfd1 Ne5 22. Bg2 Rxd1+ 23. Rxd1 Ng4 24. Bc1 Bg5 25. e3 Bf6 26. h3 Ne5 27. f4 Nd7 28. e4 Qc5+ 29. Qxc5 Nxc5 30. e5 Be7 31. b4 Ne6 32. Rd7 Rd8 33. Rxe7 Rd1+ 34. Kh2 Rxc1 35. Rxb7 Rc2 36. Kg1 g6 37. Rb6 c5 38. Rxa6 cxb4 39. axb4 Rc1+ 40. Kh2 Rc2 41. Ra8+ Kg7 42. h4 Rb2 43. Rb8 h5 44. b5 Nd4 45. Kh3 Rxb5 46. Rxb5 Nxb5 47. Bd5 f6 48. e6 Kf8 49. g4 hxg4+ 50.
Kxg4 Ke7 51. f5 gxf5+ 52. Kxf5 Nd4+ 53. Kg6 f5 54. h5 f4 55. h6 f3 56. h7 f2 57. Bc4 Nf3 58. h8=Q 1-0

[Event "RUS-ch Blitz 2021"]
[Site "Sochi"]
[Date "2021.10.11"]
[Round "11.10"]
[White "Bologan, Victor"]
[Black "Afanasiev, Nikita"]
[Result "0-1"]
[ECO "B07"]
[WhiteElo "2574"]
[BlackElo "2560"]
[Annotator "ChessBase"]
[PlyCount "54"]
[EventDate "2021.10.11"]
[EventType "blitz"]
[EventCountry "RUS"]
[SourceTitle "playchess.com"]
[Source "ChessBase"]
[SourceQuality "1"]
[TimeControl "180+2"]

1. e4 d6 2. d4 Nf6 3. Bd3 e5 4. c3 g6 5. Nf3 Nbd7 6. O-O Bg7 7. Be3 O-O 8.
Nbd2 Re8 9. Re1 h6 10. h3 Kh7 11. Qc2 b6 12. a4 a6 13. b4 Bb7 14. a5 exd4 15. cxd4 b5 16. Rac1 Rc8 17. Bf4 c5 18. Bxd6 c4 19. Bf1 c3 20. Nb3 Bxe4 21. Qd1 c2 22. Qd2 Bxf3 23. gxf3 Rxe1 24. Qxe1 Nd5 25. Nc5 Nxc5 26. Bxc5 Qg5+ 27. Kh1 Re8 0-1

[Event "RUS-ch Blitz 2021"]
[Site "Sochi"]
[Date "2021.10.11"]
[Round "11.11"]
[White "Vastrukhin, Oleg"]
[Black "Rozum, Ivan"]
[Result "1/2-1/2"]
[ECO "D02"]
[WhiteElo "2382"]
[BlackElo "2529"]
[Annotator "ChessBase"]
[PlyCount "158"]
[EventDate "2021.10.11"]
[EventType "blitz"]
[EventCountry "RUS"]
[SourceTitle "playchess.com"]
[Source "ChessBase"]
[SourceQuality "1"]
[TimeControl "180+2"]

1. Nf3 d5 2. g3 Nd7 3. d4 Nb6 4. b3 Nf6 5. Bg2 Bf5 6. Ba3 Nbd7 7. O-O e6 8. Bxf8 Nxf8 9. Nbd2 N8d7 10. Nh4 Bg6 11. Nxg6 hxg6 12. e4 dxe4 13. Nxe4 Nxe4 14. Bxe4 c6 15. Qe2 Nf6 16. Rfd1 Nxe4 17. Qxe4 Qd5 18. Qxd5 cxd5 19. c4 dxc4 20. bxc4 O-O-O 21. Rd3 Rh5 22. h4 Ra5 23. a3 Rd7 24. Rb1 b6 25. Kg2 Kd8 26. Kf3 Ke7 27. Ke3 g5 28.
hxg5 Rxg5 29. Rh1 Ra5 30. Rh7 g6 31. Rh8 Rc7 32. Rc3 e5 33.
dxe5 Rxe5+ 34. Kd4 Rec5 35. Rb8 Kf6 36. Rd8 Ke7 37. Rb8 Rd7+ 38.
Ke4 Kf6 39. f4 Rdc7 40. Kd4 Kf5 41. Rd8 Kg4 42. Rd5 f5 43.
Rxc5 Rxc5 44. Re3 Rc7 45. Kd5 Rc5+ 46. Kd4 Rc7 47. Kd5 g5 48. fxg5 Kxg5 49. Rf3 Rc5+ 50. Kd4 Kg4 51. Rc3 Ra5 52. Rb3 Rc5 53. Rc3 Rc7 54. Kd5 Rc8 55. Kd4 Rd8+ 56. Ke5 Re8+ 57. Kd6 Rc8 58. Kd5 Rc5+ 59. Kd4 Kh3 60. Rf3 Kg2 61. Rb3 Kf2 62. Rc3 Ke2 63. Rb3 Kf2 64. Rc3 Rc7 65. Ke5 Rc5+ 66. Kd4 Kg2 67. Re3 Kh3 68. Rf3 Kg4 69. Rb3 Kg5 70. Rf3 Ra5 71. Rb3 Ra4 72. Kd5 Ra5+ 73. Kc6 Kg4 74. Kb7 Ra4 75. Rc3 Kh3 76. Rf3 Rxc4 77. Kxa7 b5 78. Rxf5 Ra4+ 79. Kb6 Rxa3 1/2-1/2

[Event "RUS-ch Blitz 2021"]
[Site "Sochi"]
[Date "2021.10.11"]
[Round "11.12"]
[White "Gutenev, Alexander"]
[Black "Bocharov, Dmitry"]
[Result "0-1"]
[ECO "B53"]
[WhiteElo "2455"]
[BlackElo "2517"]
[Annotator "ChessBase"]
[PlyCount "76"]
[EventDate "2021.10.11"]
[EventType "blitz"]
[EventCountry "RUS"]
[SourceTitle "playchess.com"]
[Source "ChessBase"]
[SourceQuality "1"]
[TimeControl "180+2"]

1. e4 c5 2. Nf3 d6 3. d4 cxd4 4. Qxd4 Nc6 5. Qe3 Nf6 6. Be2 g6 7. O-O Bg7 8. Rd1 O-O 9. Nc3 Nd7 10. Qg5 h6 11. Qh4 g5 12. Qg3 Nf6 13.
h3 Qa5 14. Ne1 Ne5 15. f4 gxf4 16. Bxf4 Ng6 17. Be3 Be6 18. Nd3 Rfc8 19. Bd2 Qb6+ 20. Kh1 Rxc3 21. Bxc3 Nxe4 22. Qf3 Nxc3 23. bxc3 Nh4 24. Qf4 Ng6 25. Qf3 Qc7 26. Rab1 Rb8 27. Nb4 Qxc3 28. Qxc3 Bxc3 29. Na6 Rc8 30. Rxb7 Be5 31. Bd3 Nf4 32. Rxa7 Bd5 33. Bf1 Rxc2 34. Rxe7 Be4 35. Nb4 Rb2 36. Nd3 Nxd3 37. Rxd3 Rb1 38. Rf3 Bxf3 0-1